 Dungeon Crawl Stone Soup version 0.31-a0-819-gf6de2f5ab6 (webtiles) character file.

Game seed: 2101360723767065130

263 qw the Shooter (level 6, 0/38 HPs)
             Began as a Gargoyle Hunter on Sept 23, 2023.
             Slain by Pikel
             ... wielding a +0 whip of flaming
              (7 damage)
             ... on level 5 of the Dungeon.
             The game lasted 00:01:01 (2913 turns).

qw the Shooter (Gargoyle Hunter)                    Turns: 2913, Time: 00:01:01

Health: 0/38       AC: 14    Str: 14    XL:     6   Next: 19%
Magic:  6/6        EV: 11    Int: 10    God:
Gold:   181        SH:  0    Dex: 15    Spells: 5/5 levels left

rFire   . . .        Y - +0 arbalest
rCold   . . .        (shield currently unavailable)
rNeg    + . .        d - +0 ring mail
rPois   inf          (no helmet)
rElec   +            (no cloak)
rCorr   .            (no gloves)
SInv    .            j - +0 pair of boots
Will    .....        i - amulet of faith
Stlth   +            g - +4 ring of protection
HPRegen 0.26/turn    (no ring)
MPRegen 0.10/turn

%: faith
@: no status effects
A: sickness immunity, AC +4, negative energy resistance 1, electricity
resistance, torment resistance 1, petrification resistance
a: no special abilities


You were on level 5 of the Dungeon.
You visited 1 branch of the dungeon, and saw 5 of its levels.

You collected 181 gold pieces.


Innate Abilities, Weirdness & Mutations

You are immune to sickness and miasma.
Your stone body is resilient. (AC +4)
You are immune to poison.
You resist negative energy. (rN+)
You are resistant to electric shocks. (rElec)
You are resistant to unholy torment.
You are immune to petrification.


   Skills:
 - Level 4.0 Fighting
 + Level 6.3 Ranged Weapons
 - Level 1.5 Armour
 - Level 1.5 Dodging
 - Level 1.1 Stealth


You had 5 spell levels left.
You didn't know any spells.
Your spell library was empty.

Inventory:

Hand Weapons
 Y - a +0 arbalest (weapon)
Armour
 a - a +0 helmet
 d - a +0 ring mail (worn)
 j - a +0 pair of boots (worn)
Jewellery
 g - a +4 ring of protection (left hand)
 i - an amulet of faith (around neck)
Scrolls
 h - a scroll of identify
Potions
 b - a potion of enlightenment

Dungeon Overview and Level Annotations

Branches:
Dungeon (5/15)
 Temple: D:4-7

Altars:
Nemelex Xobeh
Qazlal

Shops:
D:3 :

Annotations:
D:5 Pikel


Message History

You shoot a bolt. The bolt hits Pikel but does no damage.
Pikel hits you with a +0 whip of flaming!
Pikel burns you.
You shoot a bolt. The bolt misses Pikel.
The bolt hits the lemure!
The lemure is severely wounded.
Pikel barely misses you. Pikel hits you but does no damage.
You shoot a bolt. The bolt hits Pikel but does no damage.
Pikel hits you but does no damage.
You shoot a bolt. The bolt hits Pikel but does no damage.
Pikel cracks his whip.
Pikel hits you but does no damage. Pikel misses you.
You shoot a bolt. The bolt barely misses Pikel.
The bolt closely misses the lemure.
The bolt misses the lemure.
Pikel hits you but does no damage. x2
You shoot a bolt. The bolt barely misses Pikel.
The bolt hits the lemure but does no damage.
The lemure is severely wounded.
Pikel hits you with a +0 whip of flaming.
Pikel burns you. Pikel hits you but does no damage.
You shoot a bolt. The bolt barely misses Pikel.
The bolt barely misses the lemure. x2
Pikel barely misses you.
You shoot a bolt. The bolt closely misses Pikel.
The bolt closely misses the lemure.
The bolt hits the lemure.
The lemure is lightly wounded.
Pikel hits you but does no damage. x2
You shoot a bolt. The bolt hits Pikel!
Pikel is moderately wounded.
Pikel hits you but does no damage. x2
You shoot a bolt. The bolt barely misses Pikel.
The bolt hits the lemure.
The lemure is almost dead.
Pikel hits you with a +0 whip of flaming.
Pikel burns you.
You shoot a bolt. The bolt hits Pikel!!
Pikel is almost dead.
Pikel hits you with a +0 whip of flaming.
Pikel burns you.
Pikel hits you with a +0 whip of flaming!
You die...
Pikel says, "Another soul for the market."

#.### #...#
###.# #.# # #.#
.. #.# ###.# #.#
.....5#######.##
#.55K@.......#
##############


You could see Pikel and 3 lemures.

Vanquished Creatures
  A lemure (D:5)
  2 scorpions (D:4)
  A sleepcap (D:4)
  An orc wizard (D:4)
  3 adders
  A white imp (D:4)
  A worm (D:2)
  3 dart slugs
  3 orcs (D:4)
  2 endoplasms
  2 giant cockroaches
  4 hobgoblins
  6 jackals
  A quokka (D:4)
  5 ball pythons
  4 bats
  5 frilled lizards
  6 goblins
  6 kobolds
  4 rats
61 creatures vanquished.

Notes
Turn   | Place    | Note
-------+----------+-------------------------------------------
     0 | D:1      | qw the Gargoyle Hunter began the quest for the Orb.
     0 | D:1      | Reached XP level 1. HP: 12/12 MP: 1/1
     0 | D:1      | 0 ||| qw: Version: 0.3-a-83-gcd0e7d8
     0 | D:1      | 0 ||| qw: Game counter: 1579
     0 | D:1      | 0 ||| qw: Melee chars always use a shield: true
     0 | D:1      | 0 ||| qw: God list: Okawaru
     0 | D:1      | 0 ||| qw: Allow faded altars: false
     0 | D:1      | 0 ||| qw: Do Orc after clearing Dungeon:15 true
     0 | D:1      | 0 ||| qw: Do second Lair branch before Depths: true
     0 | D:1      | 0 ||| qw: Lair rune preference: random
     0 | D:1      | 0 ||| qw: Goals: Normal
     0 | D:1      | 0 ||| PLANNING D:1-11
   406 | D:1      | Reached XP level 2. HP: 17/17 MP: 2/2
   773 | D:1      | Found a faded altar of an unknown god.
   885 | D:1      | 885 ||| UPGRADING to amulet of faith.
   890 | D:1      | 890 ||| UPGRADING to +4 ring of protection.
   891 | D:1      | 891 ||| READING scroll labelled DAANGA KOKAE.
   892 | D:1      | 892 ||| READING scroll labelled XOGER FO WEUNE.
   893 | D:1      | 893 ||| READING scroll labelled RIEFE POCSEKOB.
   894 | D:1      | 894 ||| READING scroll labelled LOESUE XAONT.
   895 | D:1      | 895 ||| DROPPING scroll of butterflies.
  1033 | D:2      | Reached XP level 3. HP: 20/21 MP: 3/3
  1045 | D:2      | Reached skill level 5 in Ranged Weapons
  1384 | D:2      | 1384 ||| SWAPPING to +0 arbalest.
  1385 | D:2      | 1385 ||| DROPPING +0 shortbow.
  1450 | D:2      | 1450 ||| UPGRADING to +0 pair of boots.
  1455 | D:2      | 1455 ||| DROPPING amulet of magic regeneration.
  1456 | D:2      | 1456 ||| READING scroll labelled YSEASCHE LETON.
  1457 | D:2      | 1457 ||| READING scroll labelled LYSKYPTEMA.
  1458 | D:2      | 1458 ||| DRINKING 2 bubbling amethyst potions.
  1493 | D:3      | Reached skill level 3 in Fighting
  1604 | D:3      | Reached XP level 4. HP: 28/28 MP: 4/4
  1901 | D:3      | Found Sibamedi's Book Boutique.
  2136 | D:3      | 2136 ||| UPGRADING to +0 ring mail.
  2146 | D:3      | 2146 ||| DROPPING +0 leather armour.
  2147 | D:3      | 2147 ||| READING scroll labelled GIM OFEIFFASMU.
  2151 | D:3      | 2151 ||| DRINKING 2 fizzy ruby potions.
  2152 | D:3      | 2152 ||| READING 3 scrolls of identify.
  2152 | D:3      | 2152 ||| IDENTIFYING purple potion
  2153 | D:3      | 2153 ||| DROPPING potion of brilliance.
  2154 | D:3      | 2154 ||| DROPPING potion of magic.
  2216 | D:4      | Reached skill level 1 in Armour
  2236 | D:4      | Noticed a scorpion
  2243 | D:4      | Killed a scorpion
  2244 | D:4      | Reached skill level 6 in Ranged Weapons
  2244 | D:4      | Reached XP level 5. HP: 29/32 MP: 5/5
  2324 | D:4      | Found a stormy altar of Qazlal.
  2407 | D:4      | Reached XP level 6. HP: 38/38 MP: 6/6
  2679 | D:4      | Found a sparkling altar of Nemelex Xobeh.
  2802 | D:4      | 2802 ||| READING scroll labelled RELOUPLESS.
  2803 | D:4      | 2803 ||| READING 3 scrolls of identify.
  2803 | D:4      | 2803 ||| IDENTIFYING orange potion
  2804 | D:4      | 2804 ||| READING 2 scrolls of identify.
  2804 | D:4      | 2804 ||| IDENTIFYING fuming purple potion
  2805 | D:4      | 2805 ||| DROPPING potion of invisibility.
  2806 | D:4      | 2806 ||| DROPPING potion of lignification.
  2848 | D:5      | Entered Level 5 of the Dungeon
  2898 | D:5      | Noticed Pikel
  2913 | D:5      | HP: 8/38 [Pikel/+0 whip of flaming (4)]
  2913 | D:5      | Slain by Pikel

Levels and vault maps discovered:
D:1:      wander_arrival_fairy_ring, layout_basic,
          dilly_ecumenical_altar_fadedgnrine
D:2:      layout_rooms, serial_bayou_pond_c
D:3:      layout_basic, serial_shops, shop, hangedman_decor_push,
          serial_bayou_ford_a, nicolae_kite_square_tiling_tiny
D:4:      layout_gridville, nemelex_diamond_rough_becter,
          overflow_temple_1_default, wad_floor_pattern_untrapped
D:5:      layout_basic, lemuel_coloured_pillars_altar, uniq_pikel, uniq_edmund,
          uniq_grinder

Skill      XL: |  1  2  3  4  5 |
---------------+----------------+-----
Ranged Weapons | 5 6 |  6.3
Fighting       | 3 4 |  4.0
Armour         | 1 |  1.5
Dodging        | |  1.5
Stealth        | |  1.1

Action                     |  1- 3 |  4- 6 || total
---------------------------+-------+-------++-------
   Fire: Shortbow          |    89 |       ||    89
         Arbalest          |    15 |   103 ||   118
    Use: Scroll            |     6 |     5 ||    11
         Potion            |     1 |     1 ||     2
 Armour: Leather armour    |    28 |    10 ||    38
         Ring mail         |       |    48 ||    48
  Dodge: Dodged            |    34 |    58 ||    92

Table legend:
 A = Non-vault XP
 B = Vault XP
 C = Vault XP percentage of total XP
 D = Non-vault monster count
 E = Vault monster count
 F = Vault count percentage of total count
                 A         B        C        D         E       F
            +---------+---------+-------+---------+---------+-------
      Total |     376 |       0 |   0.0 |      60 |       0 |   0.0
            +---------+---------+-------+---------+---------+-------
        D:1 |      17 |       0 |   0.0 |       9 |       0 |   0.0
        D:2 |      51 |       0 |   0.0 |      18 |       0 |   0.0
        D:3 |      44 |       0 |   0.0 |      17 |       0 |   0.0
        D:4 |     264 |       0 |   0.0 |      16 |       0 |   0.0
            +---------+---------+-------+---------+---------+-------
